 Dungeon Sprint DCSS version 0.30-a0-311-gf115ab0292 (webtiles) character file.

Game seed: 15340182313517108553

1895 wilfster70 the Severer (level 8, -10/83 HPs)
             Began as a Minotaur Fighter on Oct 25, 2022.
             Was an Elder of Okawaru.
             Mangled by a boulder beetle (35 damage)
             ... in the Dungeon (Sprint IX: "|||||||||||||||||||||||||||||").
             The game lasted 00:02:23 (390 turns).

wilfster70 the Severer (Minotaur Fighter)            Turns: 390, Time: 00:02:24

Health: -10/83     AC:  9    Str: 22    XL:     8   Next: 93%
Magic:  7/9        EV:  9    Int:  8    God:    Okawaru [****..]
Gold:   0          SH:  4    Dex: 11    Spells: 7/7 levels left

rFire   . . .      SeeInvis .    a - +1 broad axe (freeze)
rCold   . . .      Faith    .    c - +0 buckler
rNeg    . . .      Spirit   .    o - +1 scale mail
rPois   .          Reflect  .    (helmet restricted)
rElec   .          Harm     .    (no cloak)
rCorr   .          Rampage  .    m - +0 pair of gloves
Will    .....      NoTele   +    (no boots)
Stlth   ..........               (no amulet)
HPRegen 0.33/turn                q - +2 ring of protection
MPRegen 0.11/turn                p - +3 ring of intelligence

@: corroded
A: horns 2, retaliatory headbutt
a: Renounce Religion, Heroism, Finesse


You were in the Dungeon.
You worshipped Okawaru.
Okawaru was greatly pleased with you.
You visited 1 branch

Inventory:

Hand Weapons
 a - a +1 broad axe of freezing (weapon)
 b - a +2 rapier of venom
Armour
 c - a +0 buckler (worn)
 m - a +0 pair of gloves (worn)
 n - a +0 scale mail
 o - a +1 scale mail (worn)
Jewellery
 p - a +3 ring of intelligence (right hand)
 q - a +2 ring of protection (left hand)
Wands
 l - a wand of roots (10)
Scrolls
 j - 2 scrolls of blinking
 k - 2 scrolls of amnesia
Potions
 d - a potion of invisibility
 e - 5 potions of curing
 g - a potion of haste
 h - 4 potions of magic
 i - a potion of berserk rage


   Skills:
 + Level 12.3 Fighting
 * Level 16.4 Axes
 + Level 12.3 Armour
 - Level 4.0 Shields
 + Level 3.6 Invocations


You had 7 spell levels left.
You didn't know any spells.
Your spell library was empty.

Dungeon Overview and Level Annotations

Branches:
Dungeon (1/1)

Altars:
Cheibriados
Dithmenos
Elyvilon
Fedhas
Gozag
Hepliaklqana
Kikubaaqudgha
Makhleb
Nemelex Xobeh
Okawaru
Qazlal
Ru
Sif Muna
Trog
Uskayaw
Vehumet
Wu Jian
Xom
Yredelemnul
Zin
The Shining One
Jiyva
Lugonu


Innate Abilities, Weirdness & Mutations

You have a pair of horns on your head.
You reflexively headbutt those who attack you in melee.


Message History

* * * LOW HITPOINT WARNING * * *
There is a broken door, spattered with blood here.
You see here an ugly thing corpse.
You hit the boulder beetle but do no damage.
The boulder beetle bites you but does no damage.
You hit the boulder beetle but do no damage.
The deep elf pyromancer gestures wildly while chanting.
You hit the boulder beetle. You freeze the boulder beetle.
The boulder beetle is lightly wounded.
You block the boulder beetle's attack.
You hit the boulder beetle. You freeze the boulder beetle.
The boulder beetle is lightly wounded.
The boulder beetle barely misses you.
You barely miss the boulder beetle.
You headbutt the boulder beetle, but do no damage.
The boulder beetle is lightly wounded.
The boulder beetle bites you!
* * * LOW HITPOINT WARNING * * *
You hit the boulder beetle but do no damage.
You headbutt the boulder beetle!
The boulder beetle is moderately wounded.
You feel like a meek peon again.
You feel much better.
The boulder beetle leaps!
You slice the acid dragon!! You freeze the acid dragon.
Your headbutt misses the acid dragon.
The acid dragon is almost dead.
The boulder beetle curls into a ball and begins rolling!
The acid dragon spits acid at you. The splash of acid hits you!
* * * LOW HITPOINT WARNING * * *
The acid corrodes you!
You slash the acid dragon! You freeze the acid dragon.
You kill the acid dragon!
Okawaru accepts your kill.
You can now speed up your combat.
The deep elf pyromancer mumbles some strange words.
The deep elf pyromancer blinks!
You completely miss the acid dragon. Your headbutt misses the acid dragon.
You hit the boulder beetle but do no damage.
The boulder beetle hits you!!
You die... ▓▓▓▓▓▓▓▓▓▓▓▓▓▓▓▓▓▓▓▓▓▓▓▓ +Ee°☼ED@B°°..)÷....[.).. ▓▓▓▓▓▓▓▓▓▓▓▓▓▓▓▓▓▓▓▓▓▓▓▓

You could see a boulder beetle (rolling), a deep elf pyromancer, 2 fire elementals and an acid dragon.

Vanquished Creatures
  An ugly thing (D)
  2 komodo dragons (D)
  A shadow (D)
  A wraith (D)
  A culicivora (shapeshifter) (D)
  A wyvern (D)
  An acid dragon (D)
  An orc warrior (D)
  An ice beast (D)
  2 hounds (D)
  A jelly (D)
  2 dart slugs (D)
  A quokka (D)
  A frilled lizard (D)
  2 kobolds (D)
19 creatures vanquished.

Notes
Turn   | Place    | Note
-------+----------+-------------------------------------------
     0 | D        | wilfster70 the Minotaur Fighter began the quest for the
                  | Orb.
     0 | D        | Reached XP level 1. HP: 19/19 MP: 0/0
     8 | D        | Reached skill level 3 in Axes
    14 | D        | Reached skill level 4 in Axes
    14 | D        | Reached XP level 2. HP: 25/27 MP: 1/1
    24 | D        | Noticed an ice beast
    27 | D        | Killed an ice beast
    28 | D        | Reached skill level 7 in Axes
    28 | D        | Reached XP level 3. HP: 35/37 MP: 2/2
    28 | D        | Reached XP level 4. HP: 42/44 MP: 3/3
    30 | D        | Reached skill level 8 in Axes
    33 | D        | Reached skill level 9 in Axes
    33 | D        | Reached XP level 5. HP: 48/52 MP: 4/4
    41 | D        | Found a snail-covered altar of Cheibriados.
    41 | D        | Found a shadowy altar of Dithmenos.
    41 | D        | Found a white marble altar of Elyvilon.
    41 | D        | Found a blossoming altar of Fedhas.
    41 | D        | Found an opulent altar of Gozag.
    42 | D        | Found a hazy altar of Hepliaklqana.
    43 | D        | Found a viscous altar of Jiyva.
    44 | D        | Found an ancient bone altar of Kikubaaqudgha.
    45 | D        | Found a corrupted altar of Lugonu.
    46 | D        | Found a burning altar of Makhleb.
    47 | D        | Found a sparkling altar of Nemelex Xobeh.
    48 | D        | Found an iron altar of Okawaru.
    49 | D        | Found a stormy altar of Qazlal.
    50 | D        | Found a sacrificial altar of Ru.
    51 | D        | Found a shimmering blue altar of Sif Muna.
    52 | D        | Found a bloodstained altar of Trog.
    53 | D        | Found a hide-covered altar of Uskayaw.
    54 | D        | Found a radiant altar of Vehumet.
    55 | D        | Found an ornate altar of the Wu Jian Council.
    56 | D        | Became a worshipper of Warmaster Okawaru
    57 | D        | Found a shimmering altar of Xom.
    58 | D        | Found a basalt altar of Yredelemnul.
    59 | D        | Found a glowing silver altar of Zin.
    60 | D        | Found a glowing golden altar of the Shining One.
   108 | D        | Noticed an orc warrior
   108 | D        | Noticed a wraith
   108 | D        | Noticed a komodo dragon
   108 | D        | Noticed a wyvern
   108 | D        | Noticed a komodo dragon
   108 | D        | Noticed a shadow
   111 | D        | Killed a shadow
   111 | D        | Reached * piety under Okawaru
   112 | D        | Reached skill level 11 in Axes
   112 | D        | Reached XP level 6. HP: 55/62 MP: 5/5
   122 | D        | Killed a komodo dragon
   123 | D        | Reached skill level 10 in Fighting
   123 | D        | Reached skill level 13 in Axes
   123 | D        | Reached skill level 10 in Armour
   123 | D        | Reached XP level 7. HP: 19/72 MP: 6/6
   127 | D        | Killed a wyvern
   130 | D        | Killed a komodo dragon
   130 | D        | Reached ** piety under Okawaru
   131 | D        | Reached skill level 14 in Axes
   135 | D        | Killed a wraith
   136 | D        | Reached skill level 15 in Axes
   136 | D        | Reached XP level 8. HP: 17/82 MP: 5/7
   347 | D        | Noticed a boulder beetle
   347 | D        | Noticed a deep elf pyromancer
   347 | D        | Noticed a purple ugly thing
   347 | D        | Noticed a culicivora
   352 | D        | Killed a culicivora
   353 | D        | Reached skill level 1 in Invocations
   379 | D        | Killed a purple ugly thing
   379 | D        | Reached *** piety under Okawaru
   380 | D        | Reached skill level 16 in Axes
   389 | D        | Reached **** piety under Okawaru
   390 | D        | Mangled by a boulder beetle

Illustrated notes

Levels and vault maps discovered:
D:        linesprint [early_d, line_temple, items_1, d_10, items_2, lair_1,
          lair_end, items_3, orc_1, orc_end, items_4, d_15, swamp_1, shoals_1,
          snake_1, spider_1, d_20, vaults_1, items_5, swamp_end, shoals_end,
          snake_end, spider_end, vaults_end, d_27, items_6, zot_1, zot_end,
          crypt_end, forest_end, elf_end, slime_end, tomb_end, abyss_end,
          pan_hell_end]

Skill      XL: |  1  2  3  4  5  6  7  8 |
---------------+-------------------------+-----
Fighting       | 4 6 7 8 10 11 12 | 12.3
Axes           | 4 7 9 11 13 15 16 | 16.4
Armour         | 4 6 7 8 10 11 12 | 12.3
Shields        | 4 |  4.0
Invocations    | 3 |  3.6

Action                   |  1- 3 |  4- 6 |  7- 9 || total
-------------------------+-------+-------+-------++-------
Melee: War axe           |    10 |     7 |       ||    17
       Headbutt          |     3 |       |     6 ||     9
       Broad axe         |       |    13 |    33 ||    46
Invok: Heroism           |       |       |     2 ||     2
  Use: Potion            |     1 |     1 |     2 ||     4
Armor: Scale mail        |     2 |     4 |     7 ||    13
Dodge: Dodged            |     2 |     4 |     3 ||     9
Block: Buckler           |     2 |       |     4 ||     6

Table legend: (Time is in decaauts)
 A = Elapsed time spent in this place.
 B = Non-inter-level travel time spent in this place.
 C = Inter-level travel time spent in this place.
 D = Time resting spent in this place.
 E = Time spent auto-exploring this place.
 F = Levels seen in this place.
 G = Mean time per level.
                   A        B        C        D        E       F      G
               +--------+--------+--------+--------+--------+-----+--------+
         Total |    387 |    387 |      0 |    228 |      0 |   1 |  387.0 |
       Dungeon |    387 |    387 |      0 |    228 |      0 |   1 |  387.0 |
               +--------+--------+--------+--------+--------+-----+--------+

Top non-repeatable levels by time:
       D: 387 daAuts
